 Dungeon Crawl Stone Soup version 0.31.0-12-g77e489cdc1 (webtiles) character file.

Game seed: 10534241560424924817

6321 NotreDorf the Grappler (level 10, -30/105 HPs)
             Began as a Troll Berserker on Feb 12, 2024.
             Was a High Priest of Trog.
             Annihilated by Erolcha
             ... wielding a +0 giant spiked club
              (42 damage)
             ... on level 10 of the Dungeon.
             The game lasted 00:24:57 (5556 turns).

NotreDorf the Grappler (Troll Berserker)            Turns: 5556, Time: 00:24:58

Health: -30/105    AC:  8    Str: 29    XL:     10   Next: 64%
Magic:  9/9        EV: 12    Int:  5    God:    Trog [*****.]
Gold:   448        SH:  0    Dex:  9    Spells: 9/9 levels left

rFire   . .          .
                       - Unarmed
rCold   . . .        (no shield)
rNeg    . . .        a - +0 animal skin
rPois   .            (helmet restricted)
rElec   .            (no cloak)
rCorr   .            (gloves unavailable)
SInv    .            (boots unavailable)
Will    .....        (no amulet)
Stlth   +            j - +4 ring of protection
HPRegen 1.17/turn    (no ring)
MPRegen 0.11/turn

%: no passive effects
@: about to teleport, studying Unarmed Combat
A: large, unfitting armour, claws 3, regeneration 1, shaggy fur 1, tough skin 1
a: Renounce Religion, Berserk, Trog's Hand, Brothers in Arms


You were on level 10 of the Dungeon.
You worshipped Trog.
Trog was extremely pleased with you.
You visited 1 branch of the dungeon, and saw 9 of its levels.
You also visited: Ossuary.

You collected 544 gold pieces.
You spent 96 gold pieces at shops.

Inventory:

Armour
 a - a +0 animal skin (worn)
Jewellery
 j - a +4 ring of protection (left claw)
Wands
 e - a wand of flame (13)
Scrolls
 b - 3 scrolls of fear
 d - 2 scrolls of poison
 f - 3 scrolls of identify
 i - 2 scrolls of fog
 k - 2 scrolls of summoning
 l - a scroll of teleportation
 p - a scroll of enchant armour {unknown}
Potions
 c - a potion of ambrosia
 g - 2 potions of curing
 h - 2 potions of lignification
 m - a potion of might
 n - a potion of heal wounds
 q - a potion of invisibility
 t - 3 potions of enlightenment


   Skills:
 + Level 8.3 Fighting
 + Level 8.3 Dodging
 + Level 11.8 Unarmed Combat


You had 9 spell levels left.
You didn't know any spells.
Your spell library was empty.

Dungeon Overview and Level Annotations

Branches:
Dungeon (10/15)            Temple (0/1) D:4         Ossuary (visited)
   Lair: D:8-11         Orc: D:9-12

Altars:
Cheibriados
Makhleb
Trog
Vehumet
Xom
The Shining One

Shops:
D:2 *[!:*   D:9 (

Portals:
Bailey: D:7

Annotations:
D:10 Erolcha


Innate Abilities, Weirdness & Mutations

You are too large for most types of armour.
You have claws for hands.
Your natural rate of healing is unusually fast.
You are covered in fur. (AC +1)
You have tough skin. (AC +1)


Message History

Trog accepts your kill.
Erolcha mumbles some strange words.
Erolcha blinks!
You see here a +0 orcbow.
Attack: -) Claws
Press: ? - help, Dir - move target, f - you
Okay, then.
Aiming: Throw Flame
Press: ? - help, Shift-Dir - straight line, f - Erolcha
Aim: Erolcha, wielding a +0 giant spiked club and wearing a +0 robe (81% to hit)
The puff of flame hits Erolcha but does no damage.
Aiming: Throw Flame
Press: ? - help, Shift-Dir - straight line, f/p - Erolcha
Aim: Erolcha, wielding a +0 giant spiked club and wearing a +0 robe (81% to hit)
The puff of flame hits Erolcha.
Erolcha is lightly wounded.
You closely miss Erolcha.
Erolcha is lightly wounded.
Erolcha hits you with a +0 giant spiked club!!
You closely miss Erolcha.
Erolcha is lightly wounded.
You barely miss Erolcha.
Erolcha is lightly wounded.
Erolcha mumbles some strange words.
Erolcha flickers and vanishes!
Deactivating autopickup; reactivate with Ctrl-A.
You scratch something but do no damage. Something hits you!!!
* * * LOW HITPOINT WARNING * * *
You barely miss something. You mangle something!! Something hits you!!
* * * LOW HITPOINT WARNING * * *
You closely miss something.
Okay, then.
Blink to where?
Press: ? - help, Dir - move target
As you read the scroll of blinking, it crumbles to dust.
Unknown command.
As you read the scroll of teleportation, it crumbles to dust.
You feel strangely unstable. Something hits you!!!
You die...

#.# #..#.##.# ##'##
#..#.##.# ##...## #
#..#.##.# ##.....## #.
#..)..#.# ##.......#
#.##.ยง#..#.#
#.........##........#.#
'.........+.........#.#
#.........####........#
##.[.....## ##.@######
##.....## ##$# ##...##
#.# #+## #.# #.# #.#
#.# #.#


There were no monsters in sight!

Vanquished Creatures
  2 two-headed ogres (D:9)
  The ghost of ShellytheWitch the Sneak, a novice KoBr (D:4)
  A hornet (D:9)
  A shadow (D:9)
  5 yaks (D:7)
  3 water moccasins
  An orc warrior (D:7)
  3 ice beasts
  A sky beast (D:6)
  4 ogres
  3 centaurs
  2 phantoms
  2 kobold brigands
  A gnoll sergeant (D:7)
  9 scorpions
  2 bullfrogs
  3 wights (D:7)
  5 killer bees (D:9)
  A bombardier beetle (D:4)
  2 centaur zombies (Ossuary)
  3 sleepcaps
  A hound (D:7)
  3 orc priests
  2 human zombies (Ossuary)
  A gnoll bouda (D:5)
  3 iguanas
  4 scorpion zombies (Ossuary)
  7 orc wizards
  3 mummies (Ossuary)
  8 adders
  7 gnolls
  A river rat (D:4)
  A shadow imp (D:7)
  A white imp (D:6)
  4 adder zombies (Ossuary)
  2 ribbon worms
  6 dart slugs
  21 orcs
  7 ball pythons
  5 bats
  5 endoplasms
  3 giant cockroaches (D:3)
  A gnoll zombie (Ossuary)
  11 goblins
  7 hobgoblins
  7 quokkas
  3 ball python zombies (Ossuary)
  2 frilled lizards (D:1)
  A jackal zombie (Ossuary)
  17 kobolds
  3 orc zombies (Ossuary)
  11 rats
213 creatures vanquished.

Notes
Turn   | Place    | Note
-------+----------+-------------------------------------------
     0 | D:1      | NotreDorf the Troll Berserker began the quest for the Orb.
     0 | D:1      | Reached XP level 1. HP: 22/22 MP: 0/0
    96 | D:1      | Reached XP level 2. HP: 29/29 MP: 1/1
   456 | D:2      | Reached ** piety under Trog
   457 | D:2      | Reached XP level 3. HP: 36/36 MP: 2/2
   503 | D:2      | Found Etseligom's Assorted Antiques.
   519 | D:2      | Found Kuajumeq's Antique Armour Boutique.
   782 | D:2      | Reached XP level 4. HP: 44/45 MP: 3/3
   796 | D:2      | Found Ahofed's Assorted Antiques.
   852 | D:2      | Found Iluxisee's Book Emporium.
   884 | D:2      | Found Vuishokkop's Distillery.
   893 | D:2      | Bought 2 potions of degeneration for 24 gold pieces
   893 | D:2      | Bought a potion of curing for 36 gold pieces
   893 | D:2      | Bought a potion of lignification for 36 gold pieces
  1590 | D:4      | Reached *** piety under Trog
  1632 | D:4      | Reached skill level 4 in Unarmed Combat
  1632 | D:4      | Reached XP level 5. HP: 52/53 MP: 4/4
  1843 | D:4      | Found a snail-covered altar of Cheibriados.
  1871 | D:4      | Found a staircase to the Ecumenical Temple.
  2091 | D:4      | Reached XP level 6. HP: 40/62 MP: 5/5
  2212 | D:4      | Found a runed translucent door.
  2214 | D:4      | Noticed ShellytheWitch's ghost (novice KoBr)
  2230 | D:4      | Killed ShellytheWitch's ghost
  2231 | D:4      | Reached skill level 5 in Unarmed Combat
  2231 | D:4      | Reached XP level 7. HP: 70/70 MP: 6/6
  2240 | D:4      | Found a runed translucent door.
  2607 | D:5      | Entered Level 5 of the Dungeon
  2784 | D:5      | Found a glowing golden altar of the Shining One.
  2830 | D:5      | Reached skill level 5 in Fighting
  2855 | D:5      | Reached skill level 5 in Dodging
  2855 | D:5      | Reached skill level 6 in Unarmed Combat
  2855 | D:5      | Reached XP level 8. HP: 53/80 MP: 7/7
  2946 | D:5      | Found a burning altar of Makhleb.
  3139 | D:5      | Found a sand-covered staircase.
  3146 | Ossuary  | Entered an ossuary
  3365 | Ossuary  | Reached **** piety under Trog
  3477 | Ossuary  | Reached skill level 7 in Unarmed Combat
  3566 | Ossuary  | Identified a scroll of acquirement
  3582 | Ossuary  | Acquired a manual of Unarmed Combat
  3796 | D:6      | Reached XP level 9. HP: 89/89 MP: 8/8
  3953 | D:6      | Reached skill level 8 in Unarmed Combat
  4180 | D:6      | Found a shimmering altar of Xom.
  4230 | D:7      | Found a flagged portal.
  4248 | D:7      | Reached skill level 9 in Unarmed Combat
  4344 | D:7      | Reached ***** piety under Trog
  4493 | D:7      | Reached skill level 10 in Unarmed Combat
  4511 | D:7      | Reached XP level 10. HP: 65/102 MP: 9/9
  4572 | D:7      | You fall into a shaft and drop 2 floors!
  4617 | D:9      | Paralysed by a hornet for 1 turns
  4832 | D:9      | Received a gift from Trog
  4973 | D:9      | Noticed a two-headed ogre
  4978 | D:9      | Killed a two-headed ogre
  4979 | D:9      | Reached skill level 11 in Unarmed Combat
  5028 | D:9      | Noticed a two-headed ogre
  5037 | D:9      | Killed a two-headed ogre
  5162 | D:9      | Found Boarghy's Antique Weapon Boutique.
  5268 | D:9      | Found a bloodstained altar of Trog.
  5268 | D:9      | Found a radiant altar of Vehumet.
  5425 | D:10     | Entered Level 10 of the Dungeon
  5541 | D:10     | Noticed Erolcha
  5556 | D:10     | Annihilated by Erolcha

Illustrated notes

Levels and vault maps discovered:
D:1:      sevenhm_arrival_forest_fort_small_3, layout_rooms, serial_curves,
          eino_curves_02, eino_curves_01
D:2:      layout_loops_ring, serial_shops, shop, nicolae_shop_advertising_works
          [nicolae_subvault_shop_adworks], shop_fountains, nicolae_shop_crystal,
          shop
D:3:      layout_rooms, serial_park_tiny_1
D:4:      layout_basic, cheibriados_altar_1, minmay_temple_entry_trees,
          ebering_ghost_sewer_f, serial_corexii_hall, chequers_hall_statues_y,
          chequers_hall_statues_corner_a, patterned_corridor
D:5:      layout_rooms, lightli_temple_of_fire, overflow_temple_1_default,
          chequers_ossuary_entry_cave
D:6:      layout_rooms, brannock_xom_greatest_gift, minmay_increasing_density
D:7:      layout_cave_pools, enter_bailey_5, kennysheep_generic_room_3
D:9:      layout_irregular_city, gammafunk_temple_overflow_wave, serial_shops,
          kennysheep_little_box, minmay_variable_closet
D:10:     layout_loops_corners, uniq_erolcha

Skill      XL: |  1  2  3  4  5  6  7  8  9 10 |
---------------+-------------------------------+-----
Fighting       | 3 4 5 6 7 8 |  8.3
Dodging        | 3 4 5 6 7 8 |  8.3
Unarmed Combat | 4 5 6 7 10 11 | 11.8

Action                     |  1- 3 |  4- 6 |  7- 9 | 10-12 || total
---------------------------+-------+-------+-------+-------++-------
  Melee: Unarmed           |   108 |   122 |   349 |    78 ||   657
         Punch             |       |     5 |    16 |     2 ||    23
 Invoke: Berserk           |       |     1 |     3 |     4 ||     8
  Evoke: Wand              |       |       |       |     8 ||     8
    Use: Scroll            |       |       |    16 |     4 ||    20
   Stab: Sleeping          |     1 |       |       |       ||     1
 Armour: Animal skin       |    51 |    60 |   213 |    79 ||   403
  Dodge: Dodged            |    43 |    50 |   140 |    57 ||   290
